 Dungeon Crawl Stone Soup version 0.31-a0-202-g547052bce9 (webtiles) character file.

Game seed: 3525912219028436163

81 qw the Shooter (level 4, -1/25 HPs)
             Began as a Deep Elf Hunter on June 26, 2023.
             Slain by Terence
             ... wielding a +0 mace
              (5 damage)
             ... on level 3 of the Dungeon.
             The game lasted 00:00:37 (1596 turns).

qw the Shooter (Deep Elf Hunter)                    Turns: 1596, Time: 00:00:37

Health: -1/25      AC:  5    Str:  9 (10) XL:     4   Next: 19%
Magic:  6/6        EV: 10    Int: 13 (14) God:
Gold:   145        SH:  0    Dex: 17 (18) Spells: 3/3 levels left

rFire   + . .        Y - +1 shortbow
rCold   . . .        (shield currently unavailable)
rNeg    . . .        e - +0 ring mail
rPois   .            (no helmet)
rElec   .            (no cloak)
rCorr   .            (no gloves)
SInv    .            (no boots)
Will    .....        (no amulet)
Stlth   +            j - ring of protection from fire
HPRegen 0.24/turn    (no ring)
MPRegen 0.10/turn

%: no passive effects
@: no status effects
A: no striking features
a: no special abilities


You were on level 3 of the Dungeon.
You visited 1 branch of the dungeon, and saw 3 of its levels.

You collected 145 gold pieces.


   Skills:
 - Level 1.5 Fighting
 + Level 7.6 Ranged Weapons
 - Level 2.4 Dodging
 - Level 1.2 Stealth


You had 3 spell levels left.
You didn't know any spells.
Your spell library was empty.

Inventory:

Hand Weapons
 Y - a +1 shortbow (weapon)
Armour
 e - a +0 ring mail (worn)
Jewellery
 a - a ring of see invisible
 j - a ring of protection from fire (left hand)
Scrolls
 b - a scroll of identify
Potions
 g - a potion of might {unknown}

Dungeon Overview and Level Annotations

Branches:
Dungeon (3/15)

Altars:

Annotations:
D:3 Terence


Message History

Enter note:
Enter note:
Enter note:
Enter note: You shoot an arrow.
The arrow hits Terence but does no damage.
You shoot an arrow.
The arrow hits Terence but does no damage.
Terence looks scornfully at you.
You shoot an arrow. The arrow completely misses Terence.
Terence shouts, "DIE!!!"
You shoot an arrow. The arrow hits Terence.
Terence is moderately wounded.
Terence barely misses you.
You shoot an arrow. The arrow closely misses Terence.
Terence closely misses you.
You shoot an arrow.
The arrow hits Terence but does no damage.
Terence is moderately wounded.
Terence hits you with a +0 mace.
You shoot an arrow. The arrow hits Terence!
Terence is severely wounded.
Terence hits you with a +0 mace. Terence closely misses you.
You shoot an arrow. The arrow hits Terence.
Terence is severely wounded.
Terence hits you with a +0 mace!
You shoot an arrow. The arrow closely misses Terence.
Terence hits you with a +0 mace.
You shoot an arrow.
The arrow hits Terence but does no damage.
Terence is severely wounded.
Terence hits you but does no damage.
You shoot an arrow.
The arrow hits Terence but does no damage.
Terence is severely wounded.
Terence hits you with a +0 mace.
You shoot an arrow. The arrow hits Terence.
Terence is almost dead.
Terence hits you with a +0 mace. x2
You die...

#.# ####.### #.#
#<.....# # #.# ####..##
#.#.# #......
#.#.########......
.............####
.########..######..###..
...........^#...#..####.
#.@....#.#.#..#.###
#@#........#..#..##
#.#..#.#.###..'...#
#.#....#......#....
#.#.#########.#....
#.#.....# #.##...
#.#####.# #.###.. #. #.#
##. #.# ##


You could see Terence.

Vanquished Creatures
  2 adders
  A worm (D:3)
  A dart slug (D:3)
  4 ball pythons
  7 bats
  2 endoplasms
  6 giant cockroaches
  5 goblins
  6 hobgoblins
  3 jackals (D:3)
  2 quokkas
  3 frilled lizards
  7 kobolds
  3 rats
52 creatures vanquished.

Notes
Turn   | Place    | Note
-------+----------+-------------------------------------------
     0 | D:1      | qw the Deep Elf Hunter began the quest for the Orb.
     0 | D:1      | Reached XP level 1. HP: 12/12 MP: 3/3
     0 | D:1      | 0 ||| qw: Version: 0.3-a-22-g0ed2b0b
     0 | D:1      | 0 ||| qw: Game counter: 5873
     0 | D:1      | 0 ||| qw: Melee chars always use a shield: true
     0 | D:1      | 0 ||| qw: God list: Okawaru
     0 | D:1      | 0 ||| qw: Allow faded altars: false
     0 | D:1      | 0 ||| qw: Do Orc after clearing Dungeon:15 true
     0 | D:1      | 0 ||| qw: Do second Lair branch before Depths: true
     0 | D:1      | 0 ||| qw: Lair rune preference: random
     0 | D:1      | 0 ||| qw: Goals: Normal
     0 | D:1      | 0 ||| PLANNING D:1-11
    25 | D:1      | Found a faded altar of an unknown god.
   106 | D:1      | Reached skill level 6 in Ranged Weapons
   106 | D:1      | Reached XP level 2. HP: 16/16 MP: 4/4
   484 | D:1      | Reached XP level 3. HP: 20/20 MP: 5/5
   593 | D:1      | 593 ||| UPGRADING to +0 ring mail.
   603 | D:1      | 603 ||| DROPPING +0 leather armour.
   604 | D:1      | 604 ||| UPGRADING to ring of protection from fire.
   605 | D:1      | 605 ||| READING scroll labelled AKIN UDDUIRPH.
   606 | D:1      | 606 ||| READING scroll labelled ZINAFU ISIKA.
   607 | D:1      | 607 ||| READING scroll labelled VIECZU PADU.
   608 | D:1      | 608 ||| READING scroll labelled KARGHE SIOVOFEVUN.
   609 | D:1      | 609 ||| READING scroll labelled YGGUOW MYUTE.
   610 | D:1      | 610 ||| DROPPING scroll of butterflies.
   951 | D:2      | Reached skill level 7 in Ranged Weapons
  1208 | D:2      | 1208 ||| READING scroll labelled WICONUE JURCH.
  1209 | D:2      | 1209 ||| READING scroll labelled BOUXA QYPPU.
  1210 | D:2      | 1210 ||| DRINKING 2 purple potions.
  1211 | D:2      | 1211 ||| DROPPING potion of degeneration.
  1469 | D:3      | Reached XP level 4. HP: 25/25 MP: 6/6
  1584 | D:3      | Noticed Terence
  1595 | D:3      | HP: 6/25 [Terence/+0 mace (4)]
  1596 | D:3      | Slain by Terence

Levels and vault maps discovered:
D:1:      amcnicky_arrival_single_pillar, layout_basic,
          chequers_ecumenical_altar_simple
D:2:      layout_basic
D:3:      layout_basic, mainiacjoe_overflow_large_starburst,
          minmay_quadrilaterals, uniq_terence

Skill      XL: |  1  2  3 |
---------------+----------+-----
Ranged Weapons | 6 7 |  7.6
Fighting       | |  1.5
Dodging        | |  2.4
Stealth        | |  1.2

Action                     |  1- 3 |  4- 6 || total
---------------------------+-------+-------++-------
   Fire: Shortbow          |   102 |    24 ||   126
    Use: Scroll            |     7 |       ||     7
         Potion            |     1 |       ||     1
 Armour: Leather armour    |     3 |       ||     3
         Ring mail         |     5 |     2 ||     7
  Dodge: Dodged            |    13 |     7 ||    20

Table legend:
 A = Non-vault XP
 B = Vault XP
 C = Vault XP percentage of total XP
 D = Non-vault monster count
 E = Vault monster count
 F = Vault count percentage of total count
                 A         B        C        D         E       F
            +---------+---------+-------+---------+---------+-------
      Total |      95 |      21 |  18.1 |      48 |       4 |   7.7
            +---------+---------+-------+---------+---------+-------
        D:1 |      42 |       0 |   0.0 |      23 |       0 |   0.0
        D:2 |      28 |       0 |   0.0 |      11 |       0 |   0.0
        D:3 |      25 |      21 |  45.7 |      14 |       4 |  22.2
            +---------+---------+-------+---------+---------+-------
